 Dungeon Crawl Stone Soup version 0.30-a0-210-g01b79a254e (webtiles) character file.

Game seed: 6776515644519983962

35 funkygono the Firebug (level 3, 0/19 HPs)
             Began as a Gargoyle Fire Elementalist on Oct 4, 2022.
             Slain by a crimson imp (1 damage)
             ... summoned by Natasha
             ... on level 2 of the Dungeon.
             The game lasted 00:01:57 (1049 turns).

funkygono the Firebug (Gargoyle Fire Elementalist)  Turns: 1049, Time: 00:01:58

Health: 0/19       AC:  5    Str: 11    XL:     3   Next: 33%
Magic:  0/6        EV: 12    Int: 17    God:
Gold:   79         SH:  0    Dex: 16    Spells: 0/6 levels left

rFire   . . .      SeeInvis .    e - +0 lajatang
rCold   . . .      Faith    .    (shield currently unavailable)
rNeg    + . .      Spirit   .    a - +0 robe
rPois   ∞          Reflect  .    (no helmet)
rElec   +          Harm     .    (no cloak)
rCorr   .          Rampage  .    (no gloves)
Will    .....                    (no boots)
Stlth   ++........               (no amulet)
HPRegen 0.23/turn                g - +6 ring of dexterity
MPRegen 0.10/turn                (no ring)

@: no status effects
A: sickness immunity, AC +3, negative energy resistance 1, electricity
resistance, torment resistance 1, petrification resistance
a: no special abilities


You were on level 2 of the Dungeon.
You visited 1 branch of the dungeon, and saw 2 of its levels.

You collected 79 gold pieces.

Inventory:

Hand Weapons
 e - a +0 lajatang (weapon)
 j - a +0 whip
Armour
 a - a +0 robe (worn)
Magical Staves
 f - a staff of air
Jewellery
 g - a +6 ring of dexterity (left hand)
Scrolls
 c - a scroll of blinking {unknown}
 d - a scroll of fear {unknown}
Potions
 b - a potion of magic
 h - 2 potions of heal wounds {unknown}
 i - a potion of curing {unknown}
 k - a potion of berserk rage {unknown}


   Skills:
 + Level 0.2 Staves
 + Level 1.7 Dodging
 - Level 2.1 Stealth
 + Level 2.2 Spellcasting
 + Level 1.4 Conjurations
 + Level 3.8 Fire Magic


You couldn't memorise any spells.
You knew the following spells:

 Your Spells              Type           Power      Damage    Failure   Level
a - Foxfire               Conj/Fire      40%        2x1d6     6%          1
b - Scorch                Fire           30%        2d7       6%          2
c - Kindle Blastsparks    Fire/Tloc/Air  12%        2d11      32%         3

Your spell library contained the following spells:

 Spells                   Type           Power      Damage    Failure   Level
 Inner Flame              Hex/Fire       8%         N/A       26%         3
 Flame Wave               Conj/Fire      10%        2d6       54%         4


Dungeon Overview and Level Annotations

Branches:
Dungeon (2/15)

Altars:

Annotations:
D:2 Natasha


Innate Abilities, Weirdness & Mutations

You are immune to sickness and miasma.
Your stone body is resilient. (AC +3)
You are immune to poison.
You resist negative energy. (rN+)
You are resistant to electric shocks. (rElec)
You are resistant to unholy torment.
You are immune to petrification.


Message History

You kill the adder!
The foxfire hits Natasha.
Natasha is lightly wounded.
Natasha mumbles some strange words.
Casting: Foxfire (safe; 6% risk of failure)
Confirm with . or Enter, or press ? or * to list all spells.
You conjure some foxfire!
The foxfire hits the crimson imp.
The crimson imp completely resists.
The crimson imp blinks!
Unknown command.
Casting: Foxfire (safe; 6% risk of failure)
Confirm with . or Enter, or press ? or * to list all spells.
You conjure some foxfire!
The foxfire hits Natasha.
Natasha is moderately wounded.
The foxfire hits Natasha.
Natasha is heavily wounded.
Unknown command.
You completely miss Natasha.
Natasha is heavily wounded.
The foxfire hits Natasha.
Natasha is severely wounded.
The foxfire hits Natasha.
Natasha is almost dead.
Natasha claws you.
You closely miss Natasha.
Natasha is almost dead.
Natasha hisses.
Natasha casts a spell.
Natasha claws you.
You barely miss Natasha.
Natasha is almost dead.
Natasha mumbles some strange words.
You feel disoriented. Natasha claws you. The crimson imp misses you.
Unknown command.
Casting: Foxfire (safe; 6% risk of failure)
Confirm with . or Enter, or press ? or * to list all spells.
You conjure some foxfire!
Natasha claws you!
* * * LOW HITPOINT WARNING * * *
The crimson imp hits you.
You die...

#.# #.# #.#
#.####.############
#.................#
...####.##########.#
#.# #.#### #5#######
#.#... #@h......
#.#..# #v5######
#.#..# #..... #.#..#
..###...#######.#..##
#......>........#..<#
#####.#.##########.##
#.#.# #........# .#.#
#.######## #.# #.#


You could see Natasha (ally target) and 2 crimson imps.

Vanquished Creatures
  An adder (D:2)
  A dart slug (D:1)
  2 endoplasms (D:1)
  2 goblins (D:1)
  A hobgoblin (D:1)
  A quokka (D:1)
  5 frilled lizards
  7 kobolds
  4 rats (D:1)
24 creatures vanquished.

Vanquished Creatures (others)
  72 foxfires
  11 plants (D:1)
83 creatures vanquished.

Grand Total: 107 creatures vanquished

Notes
Turn   | Place    | Note
-------+----------+-------------------------------------------
     0 | D:1      | funkygono the Gargoyle Fire Elementalist began the quest
                  | for the Orb.
     0 | D:1      | Reached XP level 1. HP: 10/10 MP: 3/3
   232 | D:1      | Reached XP level 2. HP: 14/15 MP: 0/5
   346 | D:1      | Found a faded altar of an unknown god.
   643 | D:1      | Learned a level 2 spell: Scorch
   951 | D:2      | Reached XP level 3. HP: 16/19 MP: 3/6
   955 | D:2      | Learned a level 3 spell: Kindle Blastsparks
  1038 | D:2      | Noticed Natasha
  1049 | D:2      | Slain by a crimson imp

Illustrated notes

Levels and vault maps discovered:
D:1:      dpeg_arrival_orchard, layout_rooms,
          hellmonk_ecumenical_altar_lost_god, lexackson_kobold_supper
D:2:      layout_basic, basic_altar, uniq_natasha

Action                   || total
-------------------------++-------
Melee: Lajatang          ||    25
 Cast: Foxfire           ||    44
       Scorch            ||     1
Armor: Robe              ||     2
Dodge: Dodged            ||    12

Table legend: (Time is in decaauts)
 A = Elapsed time spent in this place.
 B = Non-inter-level travel time spent in this place.
 C = Inter-level travel time spent in this place.
 D = Time resting spent in this place.
 E = Time spent auto-exploring this place.
 F = Levels seen in this place.
 G = Mean time per level.
                   A        B        C        D        E       F      G
               +--------+--------+--------+--------+--------+-----+--------+
         Total |   1057 |   1007 |     50 |     76 |    719 |   2 |  528.5 |
       Dungeon |   1057 |   1007 |     50 |     76 |    719 |   2 |  528.5 |
               +--------+--------+--------+--------+--------+-----+--------+

Top non-repeatable levels by time:
     D:1: 908 daAuts
     D:2: 148 daAuts
